 Dungeon Crawl Stone Soup version 0.26.0-10-g1f06aea511 (webtiles) character file.

Game seed: 4334177714396372031

347 Borgoz the Slasher (level 6, 0/51 HPs)
             Began as a Ghoul Gladiator on Jan 15, 2021.
             Slain by a hornet (4 damage)
             ... on level 4 of the Dungeon.
             The game lasted 00:05:12 (4693 turns).

Borgoz the Slasher (Ghoul Gladiator)                Turns: 4693, Time: 00:05:13

Health: 0/51       AC:  4    Str: 19    XL:     6   Next: 59%
Magic:  5/5        EV: 13    Int:  3    God:
Gold:   110        SH:  0    Dex: 11    Spells: 5/5 levels left

rFire    . . .     SeeInvis .   a - +0 long sword
rCold    + . .     Faith    .   (no shield)
rNeg     + + +     Spirit   .   b - +0 leather armour
rPois    ∞         Reflect  .   c - +0 helmet
rElec    .         Harm     .   (no cloak)
rCorr    .         Rampage  .   (no gloves)
Will     .....                  (no boots)
Stlth    +.........             (no amulet)
HPRegen  0.00/turn              (no ring)
MPRegen  0.09/turn              (no ring)

@: no status effects
A: claws 1, cold resistance 1, negative energy resistance 3, inhibited
regeneration, torment resistance, unbreathing
a: no special abilities


You were on level 4 of the Dungeon.
You visited 1 branch of the dungeon, and saw 4 of its levels.
You also visited: Ossuary.

You collected 110 gold pieces.

Inventory:

Hand Weapons
 a - a +0 long sword (weapon)
Missiles
 d - 2 throwing nets (quivered)
Armour
 b - a +0 leather armour (worn)
 c - a +0 helmet (worn)
Wands
 o - a wand of iceblast (8)
Scrolls
 g - 3 scrolls of identify
 h - a scroll of teleportation {unknown}
 i - a scroll of remove curse {unknown}
 j - a scroll of noise {unknown}
 k - a scroll of random uselessness {unknown}
 l - 3 scrolls of magic mapping {unknown}
 m - 2 scrolls of enchant armour {unknown}
 p - a scroll of holy word {unknown}
 s - a scroll of amnesia {unknown}
Potions
 e - a potion of lignification {unknown}
 f - 3 potions of flight
 n - 2 potions of might {unknown}
 r - 2 potions of brilliance {unknown}


   Skills:
 + Level 3.5 Fighting
 * Level 4.3 Long Blades
 - Level 1.7 Throwing
 * Level 3.2 Armour
 + Level 3.6 Dodging


You had 5 spell levels left.
You didn't know any spells.
Your spell library was empty.

Dungeon Overview and Level Annotations

Branches:
Dungeon (4/15)            Ossuary (visited)
 Temple: D:4-7

Altars:


Innate Abilities, Weirdness & Mutations

You thrive by killing the living.
You are immune to poison.
You have sharp fingernails.
Your flesh is cold resistant. (rC+)
You are immune to negative energy. (rN+++)
You do not regenerate when monsters are visible.
You are immune to unholy pain and torment.
You can survive without breathing.


Message History

The goblin zombie barely misses you.
There is a collapsed entrance here.
The hornet stings you. The goblin zombie hits you. The hornet stings you!
* * * LOW HITPOINT WARNING * * *
You feel better.
The goblin zombie hits you but does no damage.
You hit the goblin zombie.
The goblin zombie is moderately damaged.
You hit the hornet but do no damage. The hornet barely misses you.
You hit the hornet.
The hornet is lightly wounded.
The hornet completely misses you.
You riposte.
You hit the hornet but do no damage.
The hornet is lightly wounded.
The hornet stings you!
* * * LOW HITPOINT WARNING * * *
You hit the hornet.
The hornet is moderately wounded.
The hornet stings you.
You die...

...#####.##.#####..###.#
.....=)..##)##.....# ##
...########.##.##..###...#
.<.# ..##..#......# ...#
.........#..... ####
#..######.#.#.##
#..#....#.# # #
#..#..###.# #.Zy@..#
#.Z###.# #....#.# ######.#
... #.# .##


You could see a hornet and 2 goblin zombies.

Vanquished Creatures
  Menkaure (Ossuary)
  3 mummies (Ossuary)
  4 gnolls (D:4)
  3 adders (D:3)
  A worm (D:3)
  5 leopard geckos
  14 bats
  A giant cockroach (D:2)
  6 gnoll zombies (Ossuary)
  11 goblins
  15 hobgoblins
  2 jackals (D:1)
  3 quokkas
  A ball python (D:3)
  7 frilled lizards
  7 gnoll skeletons (Ossuary)
  2 goblin skeletons (Ossuary)
  2 goblin zombies (Ossuary)
  5 hobgoblin skeletons (Ossuary)
  5 hobgoblin zombies (Ossuary)
  7 kobolds
  2 kobold skeletons (Ossuary)
  2 kobold zombies (Ossuary)
  3 orc skeletons (Ossuary)
  5 orc zombies (Ossuary)
  6 rats
  4 rat skeletons (Ossuary)
  4 rat zombies (Ossuary)
131 creatures vanquished.

Vanquished Creatures (others)
  A kobold skeleton (Ossuary)
  A kobold zombie (Ossuary)
  A rat skeleton (Ossuary)
3 creatures vanquished.

Grand Total: 134 creatures vanquished

Notes
Turn   | Place    | Note
-------+----------+-------------------------------------------
     0 | D:1      | Borgoz the Ghoul Gladiator began the quest for the Orb.
     0 | D:1      | Reached XP level 1. HP: 17/17 MP: 0/0
   294 | D:1      | Reached XP level 2. HP: 25/25 MP: 1/1
   492 | D:1      | Reached skill level 3 in Long Blades
   496 | D:1      | Reached skill level 1 in Armour
   520 | D:1      | Reached XP level 3. HP: 30/30 MP: 2/2
  1279 | D:2      | Reached XP level 4. HP: 36/37 MP: 3/3
  2142 | D:3      | Reached XP level 5. HP: 12/44 MP: 4/4
  2740 | D:4      | Noticed a hornet
  2745 | D:4      | Found a sand-covered staircase.
  2752 | Ossuary  | Entered an ossuary
  4019 | Ossuary  | Reached skill level 4 in Long Blades
  4285 | Ossuary  | Noticed Menkaure
  4294 | Ossuary  | Reached XP level 6. HP: 48/51 MP: 5/5
  4301 | Ossuary  | Killed Menkaure
  4693 | D:4      | Slain by a hornet

Illustrated notes

Levels and vault maps discovered:
D:1:      lemuel_arrival_muddy, layout_basic
D:2:      layout_loops_ring, grunt_ministairs_1
D:3:      layout_basic, hex_medium
D:4:      layout_loops_cross, eat_drink_and_be_merry_uskayaw,
          lightli_temple_of_fire, enter_ossuary_4, grunt_dithmenos_smoke

Skill      XL: |  1  2  3  4  5  6 |
---------------+-------------------+-----
Long Blades    | 3 4 |  4.3
Armour         | 1 2 3 |  3.2
Dodging        | 3 |  3.6
Fighting       | 3 |  3.5
Throwing       | |  1.7

Action                   |  1- 3 |  4- 6 || total
-------------------------+-------+-------++-------
Melee: Long sword        |   119 |   269 ||   388
Throw: Throwing net      |       |     4 ||     4
  Use: Scroll            |     1 |       ||     1
       Potion            |       |     5 ||     5
 Stab: Sleeping          |     1 |       ||     1
Armor: Leather armour    |    40 |    55 ||    95
Dodge: Dodged            |   105 |   191 ||   296
       Rpst.: Long sword |    31 |    46 ||    77
